 Dungeon Crawl Stone Soup version 0.30.0-10-gfe55d96785 (webtiles) character file.

Game seed: 11101729955553889977

196 flt the Trooper (level 5, -1/51 HPs)
             Began as a Gargoyle Cinder Acolyte on May 16, 2023.
             Was a High Priest of Ignis.
             Slain by a white imp (3 damage)
             ... summoned by Eustachio
             ... on level 4 of the Dungeon.
             The game lasted 00:07:17 (3642 turns).

flt the Trooper (Gargoyle Cinder Acolyte)           Turns: 3642, Time: 00:07:18

Health: -1/51      AC: 22    Str: 17 (20) XL:     5   Next: 74%
Magic:  11/17      EV:  2    Int: 12 (14) God:    Ignis [*****.]
Gold:   240        SH:  0    Dex:  3 (5)  Spells: 3/8 levels left

rFire   + + .        z - +1 hammer (holy)
rCold   + . .        (no shield)
rNeg    + + .        u - melded +0 robe {Archmagi}
rPois   ∞            l - melded +0 helmet
rElec   +            f - melded scarf {repulsion}
rCorr   +            h - melded +0 pair of gloves
SInv    .            (boots currently unavailable)
Will    .....        (no amulet)
Stlth   +            e - ring of positive energy
HPRegen 0.28/turn    q - ring of magical power
MPRegen 0.15/turn

%: no passive effects
@: brilliant, tree-form, resistant, attractive
A: stationary, stasis, torment immunity, boosted hp, sickness immunity, AC +4,
negative energy resistance 1, (electricity resistance), torment resistance 1,
petrification resistance
a: Renounce Religion, Fiery Armour, Foxfire Swarm, Rising Flame


You were on level 4 of the Dungeon.
You worshipped Ignis.
Ignis was extremely pleased with you.
You were a tree.
You visited 1 branch of the dungeon, and saw 5 of its levels.

You collected 240 gold pieces.

Inventory:

Hand Weapons
 a - a -1 mace of flaming
 z - a +1 hammer of holy wrath (weapon)
Missiles
 y - 2 poisoned darts (quivered)
Armour
 b - a +0 cloak
 f - a scarf of repulsion (melded)
 h - a +0 pair of gloves (melded)
 l - a +0 helmet (melded)
 u - a +0 robe of the Archmagi (melded)
Jewellery
 e - a ring of positive energy (left branch)
 q - a ring of magical power (right branch)
Scrolls
 d - a scroll of vulnerability {unknown}
 k - 2 scrolls of noise {unknown}
 m - 8 scrolls of identify {unknown}
 o - 2 scrolls of teleportation {unknown}
 p - a scroll of enchant weapon {unknown}
 v - a scroll of amnesia {unknown}
 w - a scroll of brand weapon {unknown}
 x - a scroll of enchant armour {unknown}
Potions
 r - a potion of flight {unknown}
 s - a potion of resistance
 t - a potion of heal wounds {unknown}


   Skills:
 + Level 4.4 Fighting
 + Level 4.0 Maces & Flails
 + Level 2.6 Armour
 + Level 2.4 Spellcasting
 - Level 3.0 Fire Magic
 + Level 0.9 Earth Magic


You had 3 spell levels left.
You knew the following spells:

 Your Spells              Type           Power      Damage    Failure   Level
a - Scorch                Fire           24%        2d6       12%         2
b - Beastly Appendage     Tmut           4%         N/A       26%         1
c - Passwall              Tmut/Erth      2%         N/A       32%         2

Your spell library contained the following spells:

 Spells                   Type           Power      Damage    Failure   Level
 Sandblast                Erth           10%        2d5       19%         1
 Wereblood                Tmut           2%         N/A       36%         2
 Stone Arrow              Conj/Erth      6%         3d7       54%         3
 Spider Form              Tmut/Pois      2%         N/A       61%         3


Dungeon Overview and Level Annotations

Branches:
Dungeon (5/15)
 Temple: D:4-7

Altars:
Kikubaaqudgha
Qazlal
Zin

Shops:
D:3 [

Annotations:
D:4 Eustachio


Innate Abilities, Weirdness & Mutations

You are a tree.
Your roots penetrate the ground, keeping you stationary.
You cannot be teleported.
You are immune to unholy pain and torment.
Your maximum health is greatly increased.
Your equipment is partially melded.
You are immune to sickness and miasma.
((Your stone body is resilient. (AC +4)))
You are immune to poison.
You resist negative energy. (rN+)
((You are resistant to electric shocks. (rElec)))
You are resistant to unholy torment.
You are immune to petrification.


Message History

The white imp closely misses you. Eustachio barely misses you.
It was a potion of degeneration.
There was something very wrong with that liquid.
You feel weakened.
You feel dopey.
You feel clumsy. The iron imp barely misses you. The white imp hits you.
* * * LOW HITPOINT WARNING * * *
The white imp freezes you. You resist.
* * * LOW HITPOINT WARNING * * *
Eustachio hits you but does no damage.
The ufetubus hits you but does no damage.
The ufetubus misses you.
It was a potion of curing.
You feel better. The ufetubus closely misses you. The ufetubus hits you.
* * * LOW HITPOINT WARNING * * *
The white imp hits you but does no damage.
Eustachio gestures wildly while chanting.
The iron imp hits you!
* * * LOW HITPOINT WARNING * * *
The quokka is attracted toward you.
It was a potion of lignification.
You turn into a tree.
Your scarf of repulsion melds into your body.
Your +0 helmet melds into your body.
Your +0 pair of gloves melds into your body.
Your +0 robe of the Archmagi melds into your body.
The haze of the repulsion field disappears.
You feel strangely numb.
Your roots penetrate the ground.
The ufetubus hits you but does no damage. x2
The white imp gestures at you.
The puff of frost hits you but does no damage.
Eustachio utters an oath, "I will die for my friends!"
Eustachio hits you but does no damage.
The ufetubus hits you but does no damage. x2
You hit Eustachio.
Eustachio is moderately wounded.
The iron imp hits you but does no damage.
The ufetubus hits you but does no damage.
The ufetubus barely misses you.
The quokka twitches its whiskers.
The white imp hits you.
You die...

####### #.....# ########
#.....# #####......#
#.....#
#...#......########
#.....#
#.r.#......##.....#
#.....#
#5@5#.........###.#
#.....# #>♣........####
#.# #.....## #..5####..##
##.# #......###....#
#...#####..#
####.#..##....#
#......(..##
#.##<#####.######........
#.##...###...# #.......#
#..#.........# #........
####
##.#..#####..####..##....
...###
#.##...##........###....


You could see Eustachio, an iron imp (summoned), a white imp (summoned), an
ufetubus (summoned) and a quokka (summoned).

Vanquished Creatures
  2 hounds
  Crazy Yiuf (D:2)
  An iguana (D:4)
  Robin (D:2)
  2 worms (D:4)
  3 dart slugs
  2 orcs (D:3)
  3 bats
  5 endoplasms
  2 giant cockroaches
  8 goblins
  9 hobgoblins
  A quokka (D:2)
  2 ball pythons (D:4)
  4 frilled lizards
  4 kobolds
  4 rats
54 creatures vanquished.

Notes
Turn   | Place    | Note
-------+----------+-------------------------------------------
     0 | D:1      | flt the Gargoyle Cinder Acolyte began the quest for the
                  | Orb.
     0 | D:1      | Reached XP level 1. HP: 14/14 MP: 2/2
    59 | D:1      | Found a faded altar of an unknown god.
   618 | D:1      | Reached XP level 2. HP: 9/19 MP: 3/3
   895 | D:2      | Reached skill level 1 in Armour
   896 | D:2      | Noticed Robin
   952 | D:2      | Killed Robin
   953 | D:2      | Reached XP level 3. HP: 5/24 MP: 5/5
  1270 | D:2      | Found a runed translucent door.
  1271 | D:2      | Noticed Crazy Yiuf
  1620 | D:2      | Learned a level 2 spell: Scorch
  1622 | D:2      | Learned a level 1 spell: Beastly Appendage
  2191 | D:3      | Reached XP level 4. HP: 29/29 MP: 6/6
  2418 | D:3      | Found Inirr's Armour Shop.
  2727 | D:4      | Found an ancient bone altar of Kikubaaqudgha.
  2853 | D:4      | Found a glowing silver altar of Zin.
  2899 | D:4      | Reached XP level 5. HP: 5/33 MP: 8/8
  3061 | D:4      | Found a stormy altar of Qazlal.
  3261 | D:4      | Learned a level 2 spell: Passwall
  3295 | D:5      | Entered Level 5 of the Dungeon
  3383 | D:5      | Noticed Eustachio
  3492 | D:2      | Killed Crazy Yiuf
  3640 | D:4      | HP: 1/34 [iron imp[Eustachio] (8)]
  3642 | D:4      | Slain by a white imp

Illustrated notes

Levels and vault maps discovered:
D:1:      elethiomel_arrival_maze, layout_basic, shapermc_ecumenical_altar_venn
D:2:      layout_loops_corners, uniq_crazy_yiuf_cottage, uniq_robin
D:3:      layout_loops_ring, serial_shops, shop
D:4:      layout_rooms, mainiacjoe_overflow_cross_hatched,
          mainiacjoe_overflow_paths, nicolae_qazlal_eye_of_the_storm
D:5:      minmay_diamond_boxcup, layout_layer_cave,
          mainiacjoe_overflow_small_starburst, chequers_hall_statues_wall_a,
          uniq_eustachio

Skill      XL: |  1  2  3  4  5 |
---------------+----------------+-----
Armour         | 1 2 |  2.6
Fighting       | 4 |  4.4
Spellcasting   | 2 |  2.4
Maces & Flails | 4 |  4.0
Fire Magic     | |  3.0
Earth Magic    | |  0.9

Action                     |  1- 3 |  4- 6 || total
---------------------------+-------+-------++-------
  Melee: Mace              |   124 |    59 ||   183
         Punch             |     1 |     2 ||     3
   Cast: Scorch            |       |    10 ||    10
    Use: Potion            |       |     6 ||     6
 Armour: Robe              |    48 |    34 ||    82
         Skin              |       |     8 ||     8
  Dodge: Dodged            |    81 |    46 ||   127
         Repelled          |     2 |       ||     2
